 Dungeon Crawl Stone Soup version 0.30-a0-219-gf2db51d15e (webtiles) character file.

Game seed: 2166380073273572451

91 blackman the Sneak (level 4, 0/35 HPs)
             Began as a Human Delver on Oct 8, 2022.
             Was an Initiate of Hepliaklqana.
             Killed from afar by an electric eel (5 damage)
             ... with a bolt of electricity
             ... on level 6 of the Dungeon.
             The game lasted 00:02:06 (215 turns).

blackman the Sneak (Human Delver)                    Turns: 215, Time: 00:02:06

Health: 0/35       AC:  3    Str: 19    XL:     4   Next: 88%
Magic:  4/4        EV: 12    Int: 10    God:    Hepliaklqana [......]
Gold:   19         SH:  0    Dex: 16    Spells: 3/3 levels left

rFire   . . .      SeeInvis .    k - +4 mace "Lanent" {elec, rCorr}
rCold   . . .      Faith    .    (no shield)
rNeg    . . .      Spirit   .    b - +0 leather armour
rPois   .          Reflect  .    (no helmet)
rElec   .          Harm     .    (no cloak)
rCorr   +          Rampage  .    (no gloves)
Will    .....                    (no boots)
Stlth   +++.......               (no amulet)
HPRegen 0.25/turn                h - +6 ring of strength
MPRegen 0.09/turn                (no ring)

@: no status effects
A: no striking features
a: Renounce Religion


You were on level 6 of the Dungeon.
You worshipped Hepliaklqana.
Hepliaklqana was noncommittal.
You visited 2 branches of the dungeon, and saw 3 of its levels.

You collected 19 gold pieces.

Inventory:

Hand Weapons
 a - a +0 falchion
 k - the +4 mace "Lanent" (weapon) {elec, rCorr}
   (You found it on level 5 of the Dungeon)

   It occasionally discharges a powerful burst of electricity upon striking a
   foe.
   rCorr:     It protects you from acid and corrosion.
Missiles
 i - 6 poisoned darts (quivered)
Armour
 b - a +0 leather armour (worn)
Jewellery
 h - a +6 ring of strength (left hand)
Wands
 g - a wand of digging (3)
Scrolls
 c - a scroll of fog
 d - a scroll of magic mapping
 e - a scroll of fear
 f - a scroll of vulnerability {unknown}
 j - a scroll of teleportation {unknown}


   Skills:
 - Level 3.0 Fighting
 + Level 4.6 Long Blades
 - Level 2.0 Dodging
 - Level 5.0 Stealth


You had 3 spell levels left.
You didn't know any spells.
Your spell library was empty.

Dungeon Overview and Level Annotations

Branches:
Dungeon (6/15)             Temple (1/1) D:5

Altars:
Elyvilon
Fedhas
Gozag
Hepliaklqana
Makhleb
Nemelex Xobeh
Qazlal
Ru
Sif Muna
Trog
Uskayaw
Wu Jian
Yredelemnul
The Shining One


Message History

The orc shouts!
The orc moves out of view.
Unknown command.
An orc comes into view. It is wielding a +0 dagger.
Found a stone staircase leading down.
The orc shouts! x2
You hit the orc.
The orc is lightly wounded.
The orc barely misses you.
The orc hits you from afar with a +0 trident!
You sock the orc!
You kill the orc!
The orc hits you from afar with a +0 trident!
You hit the orc.
The orc is moderately wounded.
The orc hits you with a +0 club. The orc barely misses you.
The orc hits you but does no damage.
The orc hits you from afar with a +0 trident!
* * * LOW HITPOINT WARNING * * *
You are too injured to fight recklessly!
You are too injured to fight recklessly!
You are too injured to fight recklessly!
You are too injured to fight recklessly!
The orc attacks as you move away! The orc hits you but does no damage.
The orc attacks as you move away! The orc closely misses you.
The orc attacks as you move away! The orc closely misses you.
There is a stone staircase leading down here.
The orc hits you with a +0 club.
* * * LOW HITPOINT WARNING * * *
You climb downwards.
Found a falchion and a spear.
Found two stone staircases leading down and a stone staircase leading up.
There is a stone staircase leading up here.
You hit the orc but do no damage.
The orc is lightly wounded.
The orc hits you with a +0 club.
* * * LOW HITPOINT WARNING * * *
The electric eel shoots out a bolt of lightning at you!
The bolt of electricity hits you.
You die...

...... .....<>
.)... )......
.... ...>...
... .......
..#.......
.........
#........
#@o......
...............
#..............
..~~..P...P~~##


.#~SP~~PPPPPP# #~~~P~~~sP~~# #~~~~~~~~~P~# #S~P~PP~~~~P# You could see a
scorpion, 2 electric eels and an orc.

Vanquished Creatures
  A scorpion (D:5)
  A jelly (D:5)
  2 orcs (D:5)
4 creatures vanquished.

Notes
Turn   | Place    | Note
-------+----------+-------------------------------------------
     0 | D:5      | blackman the Human Delver began the quest for the Orb.
     0 | D:5      | Reached XP level 1. HP: 18/18 MP: 1/1
    16 | D:5      | Found a staircase to the Ecumenical Temple.
    25 | D:5      | Noticed a black bear
    36 | D:5      | Noticed a jelly
    40 | Temple   | Entered the Ecumenical Temple
    85 | Temple   | Became a worshipper of Hepliaklqana the Forgotten
    98 | D:5      | Found a white marble altar of Elyvilon.
   117 | D:5      | Identified the +4 mace "Lanent" {elec, rCorr}
   130 | D:5      | Killed a jelly
   131 | D:5      | Reached XP level 2. HP: 14/24 MP: 2/2
   131 | D:5      | Reached XP level 3. HP: 17/29 MP: 3/3
   149 | D:5      | Noticed a scorpion
   156 | D:5      | Killed a scorpion
   157 | D:5      | Reached XP level 4. HP: 28/35 MP: 4/4
   214 | D:6      | Noticed a scorpion
   215 | D:6      | Killed from afar by an electric eel

Illustrated notes

Levels and vault maps discovered:
D:5:      layout_loops_ring, amcnicky_altar_gilded, kennysheep_okawaru_gauntlet,
          minmay_temple_entry_mist, uniq_ijyb, uniq_menkaure
D:6:      layout_rooms, lemuel_crystal_altar, xom_teletrap_fun, zin_treasury,
          serial_bayou, serial_bayou_shore_a, serial_bayou_lake_a,
          serial_bayou_crossing, serial_bayou_pond_d, serial_bayou_lagoon_a,
          gammafunk_ghost_cemetery
Temple:   cyrus_circular_temple

Skill      XL: |  1  2  3 |
---------------+----------+-----
Long Blades    | 3 4 |  4.6
Fighting       | |  3.0
Dodging        | |  2.0
Stealth        | |  5.0

Action                   |  1- 3 |  4- 6 || total
-------------------------+-------+-------++-------
Melee: Mace              |     4 |     4 ||     8
Throw: Dart              |     6 |       ||     6
  Use: Potion            |     1 |       ||     1
Armor: Leather armour    |       |     2 ||     2
Dodge: Dodged            |     1 |     4 ||     5

Table legend: (Time is in decaauts)
 A = Elapsed time spent in this place.
 B = Non-inter-level travel time spent in this place.
 C = Inter-level travel time spent in this place.
 D = Time resting spent in this place.
 E = Time spent auto-exploring this place.
 F = Levels seen in this place.
 G = Mean time per level.
                   A        B        C        D        E       F      G
               +--------+--------+--------+--------+--------+-----+--------+
         Total |    203 |    190 |     13 |      0 |    100 |   3 |   67.7 |
       Dungeon |    149 |    145 |      4 |      0 |     66 |   2 |   74.5 |
        Temple |     53 |     44 |      9 |      0 |     34 |   1 |   53.0 |
               +--------+--------+--------+--------+--------+-----+--------+

Top non-repeatable levels by time:
     D:5: 149 daAuts
  Temple: 53 daAuts
     D:6: 0 daAuts
